 Dungeon Crawl Stone Soup version 0.27-a0-1217-g8a41f320e8 (webtiles) character file.

Game seed: 10527770907062330418

163 Wyvernaa the Cudgeller (level 5, -10/58 HPs)
             Began as a Demonspawn Gladiator on June 6, 2021.
             Killed by divine providence
             ... invoked by an orc priest
              (12 damage)
             ... on level 3 of the Dungeon.
             The game lasted 00:08:18 (2414 turns).

Wyvernaa the Cudgeller (Demonspawn Gladiator)       Turns: 2414, Time: 00:08:19

Health: -10/58     AC: 22    Str: 15    XL:     5   Next: 20%
Magic:  5/5        EV:  2    Int: 15    God:
Gold:   80         SH:  0    Dex: 15    Spells: 4/4 levels left

rFire    . . .     SeeInvis .   g - +1 mace (protect)
rCold    . . .     Faith    .   (no shield)
rNeg     + + +     Spirit   .   (armour currently unavailable)
rPois    +         Reflect  .   (helmet currently unavailable)
rElec    .         Harm     .   (cloak currently unavailable)
rCorr    .         Rampage  .   (gloves currently unavailable)
Will     .....     NoTele   +   (boots currently unavailable)
Stlth    +.........             (no amulet)
HPRegen  0.19/turn              h - +6 ring of intelligence
MPRegen  0.09/turn              (no ring)

@: tree-form, hasted, very quick
A: stationary, stasis, torment immunity, boosted hp, (antennae 1), powered by
death 1, (spiny 1)
a: no special abilities


You were on level 3 of the Dungeon.
You were a tree.
You visited 1 branch of the dungeon, and saw 3 of its levels.

You collected 80 gold pieces.

Inventory:

Hand Weapons
 a - a +0 flail
 g - a +1 mace of protection (weapon)
Missiles
 d - 3 throwing nets (quivered)
 k - 3 curare-tipped darts
Armour
 b - a +0 leather armour (melded)
 e - a +0 cloak (melded)
 f - a +0 ring mail
Jewellery
 h - a +6 ring of intelligence (left branch)


   Skills:
 + Level 2.3 Fighting
 * Level 4.6 Maces & Flails
 - Level 1.7 Throwing
 + Level 0.9 Armour
 + Level 3.3 Dodging
 + Level 0.1 Stealth


You had 4 spell levels left.
You didn't know any spells.
Your spell library was empty.

Dungeon Overview and Level Annotations

Branches:
Dungeon (3/15)

Altars:
Uskayaw
Yredelemnul

Annotations:
D:3 Grinder


Innate Abilities, Weirdness & Mutations

You are a tree.
Your roots penetrate the ground, keeping you stationary.
You cannot be teleported.
You are immune to unholy pain and torment.
Your maximum health is greatly increased.
Your equipment is partially melded.
((You have a pair of small antennae on your head.))
You regenerate a little health from kills.
((You are partially covered in sharp spines.))


Message History

Grinder is severely wounded.
The orc priest barely misses you.
Grinder says, "You look like you could use a good racking."
Grinder hits you.
You closely miss Grinder.
Grinder is severely wounded.
The orc priest hits you but does no damage.
Grinder hits you but does no damage.
The orc priest invokes the aid of Beogh against you.
Beogh smites you!
* * * LOW HITPOINT WARNING * * *
You hit Grinder.
Your weapon exudes an aura of protection.
Grinder is severely wounded.
Grinder hits you but does no damage.
The orc priest hits you with a +0 dagger.
* * * LOW HITPOINT WARNING * * *
Grinder gestures at you.
You suddenly lose the ability to move!
The orc priest begins to cast a cantrip, but forgets the words!
Grinder says, "FISH!"
Grinder hits you but does no damage. The orc hits you but does no damage.
The orc priest hits you but does no damage.
Grinder gestures at you.
You shrug off the repeated paralysis!
The orc barely misses you.
The orc priest hits you but does no damage.
Grinder blinks!
The orc hits you but does no damage.
The orc priest hits you with a +0 dagger.
* * * LOW HITPOINT WARNING * * *
You can move again.
It was a potion of flight.
Your roots keep you in place.
The orc hits you but does no damage. The orc priest completely misses you.
It was a potion of haste.
You feel yourself speed up. The orc hits you but does no damage.
Grinder hits you but does no damage.
The orc priest invokes the aid of Beogh against you.
Beogh smites you!
You die...

.. .. ####.###.
#........
.........
........#
........# ..
......(†#######.#
.....
......o♣5.......#
.....
.....#o)†...###.#
....r. ...
#)#####.###.##
.....### . ##
#.##...#######
..#.....
#.##.#........
...#....
#.##...######
...#....
#...........#
.......
#####.#####.#
....# ########.#
#.#


You could see Grinder, an orc priest and an orc.

Vanquished Creatures
  Robin (D:2)
  A gnoll (D:1)
  4 adders
  3 worms (D:2)
  4 dart slugs (D:1)
  3 orcs
  6 ball pythons
  5 endoplasms
  A giant cockroach (D:3)
  14 goblins
  5 hobgoblins
  11 jackals
  4 quokkas
  6 bats
  4 frilled lizards
  5 kobolds
  3 rats
80 creatures vanquished.

Vanquished Creatures (others)
  7 plants (D:1)
  4 toadstools (D:1)
11 creatures vanquished.

Grand Total: 91 creatures vanquished

Notes
Turn   | Place    | Note
-------+----------+-------------------------------------------
     0 | D:1      | Wyvernaa the Demonspawn Gladiator began the quest for the
                  | Orb.
     0 | D:1      | Reached XP level 1. HP: 16/16 MP: 1/1
   218 | D:1      | Gained mutation: You are partially covered in sharp spines.
                  | [demonic ancestry]
   218 | D:1      | Reached XP level 2. HP: 22/22 MP: 2/2
   326 | D:1      | Reached skill level 3 in Maces & Flails
   592 | D:1      | Gained mutation: You regenerate a little health from kills.
                  | [demonic ancestry]
   592 | D:1      | Reached XP level 3. HP: 23/27 MP: 3/3
  1177 | D:2      | Gained mutation: You have a pair of small antennae on your
                  | head. [demonic ancestry]
  1177 | D:2      | Reached XP level 4. HP: 19/33 MP: 4/4
  1401 | D:2      | Found a basalt altar of Yredelemnul.
  1416 | D:2      | You fall into a shaft and drop 1 floor!
  1475 | D:3      | Noticed a +0 hand axe
  1498 | D:3      | Found a hide-covered altar of Uskayaw.
  1498 | D:3      | Noticed a +0 dagger
  1592 | D:2      | Reached skill level 4 in Maces & Flails
  1706 | D:2      | Found a faded altar of an unknown god.
  2006 | D:3      | Noticed Robin
  2038 | D:2      | Killed Robin
  2063 | D:3      | Reached XP level 5. HP: 36/38 MP: 5/5
  2386 | D:3      | Noticed Grinder
  2401 | D:3      | Paralysed by Grinder for 2 turns
  2408 | D:3      | Paralysed by Grinder for 5 turns
  2412 | D:3      | HP: 1/58 [orc priest/+0 dagger (3)]
  2414 | D:3      | Killed from afar by an orc priest

Illustrated notes

Levels and vault maps discovered:
D:1:      ldierk_walled_garden_2, layout_rooms, serial_bayou,
          serial_bayou_ford_a, serial_bayou_shore_a, serial_bayou_pond_d,
          serial_bayou_pond_a, serial_bayou_lake_a, minmay_pentomino_q4
D:2:      layout_basic, basic_ecumenical_altar, basic_altar
D:3:      layout_loops_ring, dancing_weapons_uskayaw, uniq_grinder, uniq_robin

Skill      XL: |  1  2  3  4 |
---------------+-------------+-----
Dodging        | 3 |  3.3
Maces & Flails | 3 4 |  4.6
Fighting       | |  2.3
Throwing       | |  1.7
Armour         | |  0.9
Stealth        | |  0.1

Action                   |  1- 3 |  4- 6 || total
-------------------------+-------+-------++-------
Melee: Flail             |    70 |     4 ||    74
       Mace              |       |    92 ||    92
  Use: Potion            |     1 |     5 ||     6
       Scroll            |       |     2 ||     2
 Stab: Sleeping          |       |     1 ||     1
Armor: Leather armour    |    24 |    29 ||    53
       Skin              |       |    19 ||    19
Dodge: Dodged            |    35 |    42 ||    77

Table legend: (Time is in decaauts)
 A = Elapsed time spent in this place.
 B = Non-inter-level travel time spent in this place.
 C = Inter-level travel time spent in this place.
 D = Time resting spent in this place.
 E = Time spent auto-exploring this place.
 F = Levels seen in this place.
 G = Mean time per level.
                   A        B        C        D        E       F      G
               +--------+--------+--------+--------+--------+-----+--------+
         Total |   2483 |   2450 |     33 |    488 |   1182 |   3 |  827.7 |
       Dungeon |   2483 |   2450 |     33 |    488 |   1182 |   3 |  827.7 |
               +--------+--------+--------+--------+--------+-----+--------+

Top non-repeatable levels by time:
     D:1: 1078 daAuts
     D:2: 870 daAuts
     D:3: 534 daAuts
